AoeStats
← Cabra da Peste

Arena

510013682Analyzed
4v4 RM · 5d ago on Sep 29, 2026· 58m 4s· 8 players
Game mode
Random Map
Map size
Large (8 player)
Population
200
Speed
Normal
Resources
Standard
Victory
Conquest
Starting age
Dark Age
Ending age
Imperial Age
RankedLock teamsTeams togetherTeam positionsShared explorationLock speedFull tech treeHidden civsTurbo modeCheats
Victory
Defeat
🇨🇦 Varangians · Canada
1252
+15
🇺🇸 Turks · United States
1233
+16
🇺🇸 Bohemians · United States
1201
+17
🇺🇸 Hindustanis · United States
1184
+18
🇧🇷 Cumans · Brazil
1307
-21
🇧🇷 Vikings · Brazil
1301
-20
🇧🇷 Wei · Brazil
1201
-15
🇧🇷 Spanish · Brazil
1077
-10
nborgesfilho
8:32 Feudal Age
9:30 Double-Bit Axe
11:04 Horse Collar
13:00 Loom
20:07 Castle Age
18:37 Forging
19:22 Bloodlines
19:38 Gold Mining
20:17 Scale Barding Armor
22:28 Iron Casting
21:55 Loom
25:24 Wheelbarrow
32:17 Hand Cart
33:05 Heavy Plow
36:06 Imperial Age
34:04 Ballistics
33:35 Fletching
34:33 Bodkin Arrow
35:44 Padded Archer Armor
36:25 Chain Barding Armor
36:16 Steppe Husbandry
36:59 Thumb Ring
36:15 Heavy Cavalry Archer
37:20 Parthian Tactics
37:28 Leather Archer Armor
37:51 Gold Shaft Mining
37:47 Bow Saw
38:52 Chemistry
40:02 Ring Archer Armor
43:33 Blast Furnace
43:54 Plate Barding Armor
43:51 Stone Mining
44:06 Caravan
44:17 Guilds
44:39 Coinage
47:46 Light Cavalry
48:47 Hussar
50:29 Conscription
57:42 Scale Mail Armor
Cabra da Peste
8:50 Loom
11:01 Feudal Age
15:35 Castle Age
14:00 Double-Bit Axe
17:19 Horse Collar
30:36 Imperial Age
29:02 Bow Saw
30:14 Wheelbarrow
30:29 Fletching
32:03 Heavy Plow
34:39 Bodkin Arrow
38:58 Two-Man Saw
38:13 Scale Mail Armor
38:24 Forging
37:55 Pikeman
38:37 Squires
38:36 Gold Mining
38:39 Stone Mining
39:17 Conscription
38:18 Elite Conquistador
38:32 Halberdier
39:31 Chain Mail Armor
42:02 Hand Cart
43:00 Plate Mail Armor
43:06 Iron Casting
43:48 Stone Shaft Mining
50:55 Ballistics
57:48 Elite Skirmisher
dionathanbh
9:32 Feudal Age
16:09 Castle Age
14:29 Double-Bit Axe
15:24 Horse Collar
21:32 Gold Mining
22:03 Bow Saw
22:19 Man-at-Arms
23:00 Squires
24:00 Long Swordsman
24:25 Arson
25:23 Forging
25:14 Scale Mail Armor
34:37 Elite Skirmisher
36:10 Chieftains
39:16 Imperial Age
36:32 Town Watch
38:51 Chain Mail Armor
39:12 Iron Casting
39:22 Two-Handed Swordsman
40:36 Plate Mail Armor
40:29 Capped Ram
40:41 Elite Varangian Guard
41:44 Siege Ram
42:47 Pikeman
47:51 Champion
54:40 Conscription
GaloDoido
10:51 Feudal Age
15:08 Castle Age
12:56 Double-Bit Axe
14:04 Horse Collar
16:16 Bow Saw
23:13 Gold Mining
23:24 Stone Mining
26:36 Heavy Plow
27:20 Gold Shaft Mining
27:32 Stone Shaft Mining
27:21 Squires
26:41 Pikeman
28:37 Forging
28:27 Scale Mail Armor
28:35 Loom
31:21 Imperial Age
29:27 Wheelbarrow
28:37 Town Watch
28:45 Treadmill Crane
29:19 Bloodlines
29:45 Husbandry
30:40 Iron Casting
30:52 Chain Mail Armor
32:28 Halberdier
34:12 Blast Furnace
34:32 Crop Rotation
37:13 Scale Barding Armor
37:30 Fortified Wall
37:41 Ballistics
38:22 Chemistry
37:23 Heavy Hei Guang Cavalry
38:27 Conscription
38:32 Ming Guang Armor
38:09 Tuntian
38:53 Fletching
39:23 Chain Barding Armor
41:09 Bodkin Arrow
42:15 Bracer
42:16 Padded Archer Armor
43:35 Caravan
45:14 Light Cavalry
46:23 Hussar
48:43 Masonry
48:28 Murder Holes
51:33 Leather Archer Armor
51:28 Thumb Ring
51:50 Parthian Tactics
Solaire (Praise the Sun)
10:21 Feudal Age
13:53 Castle Age
13:25 Double-Bit Axe
13:23 Horse Collar
13:36 Gold Mining
17:18 Loom
17:59 Loom
23:33 Bow Saw
24:02 Gold Shaft Mining
25:34 Stone Mining
27:09 Wheelbarrow
31:29 Imperial Age
30:19 Bloodlines
30:10 Husbandry
30:19 Scale Barding Armor
31:16 Forging
32:10 Chain Barding Armor
31:40 Heavy Camel Rider
34:01 Imperial Camel Rider
36:59 Light Cavalry
38:26 Plate Barding Armor
38:30 Iron Casting
38:11 Heavy Plow
38:09 Hussar
44:20 Conscription
53:06 Coinage
59:10 Blast Furnace
FullmetalZimm
9:20 Loom
11:05 Feudal Age
15:31 Castle Age
13:51 Horse Collar
14:04 Double-Bit Axe
22:00 Bow Saw
24:56 Wheelbarrow
29:53 Imperial Age
27:44 Hand Cart
27:15 Town Watch
27:45 Scale Mail Armor
27:14 Pikeman
27:55 Squires
31:31 Imperial Age
31:01 Chemistry
30:14 Masonry
31:05 Chemistry
30:18 Fortified Wall
31:10 Chemistry
30:49 Chain Mail Armor
30:31 Fletching
33:03 Houfnice
36:25 Padded Archer Armor
36:57 Plate Mail Armor
36:37 Forging
36:39 Caravan
38:24 Bodkin Arrow
42:07 Conscription
43:25 Halberdier
iamjhing
11:09 Feudal Age
15:01 Castle Age
13:20 Double-Bit Axe
13:26 Horse Collar
16:12 Bow Saw
21:02 Wheelbarrow
21:28 Heavy Plow
22:26 Scale Barding Armor
24:23 Bloodlines
29:32 Imperial Age
26:48 Town Watch
27:14 Stone Mining
27:15 Gold Mining
27:15 Loom
28:02 Masonry
28:05 Husbandry
28:46 Treadmill Crane
29:29 Chain Barding Armor
30:16 Forging
30:24 Hand Cart
29:39 Heavy Camel Rider
30:58 Plate Barding Armor
31:58 Iron Casting
31:14 Fletching
32:15 Ballistics
32:22 Bombard Tower
33:20 Two-Man Saw
35:26 Blast Furnace
37:43 Caravan
40:40 Artillery
41:01 Conscription
41:32 Bodkin Arrow
41:39 Padded Archer Armor
45:25 Bracer
46:02 Architecture
45:29 Murder Holes
53:59 Coinage
54:09 Coinage
LavarBall
0:41 Loom
11:16 Feudal Age
12:17 Horse Collar
16:49 Castle Age
15:27 Double-Bit Axe
17:12 Wheelbarrow
19:04 Heavy Plow
22:25 Forging
26:05 Bow Saw
27:51 Hand Cart
32:36 Imperial Age
30:49 Iron Casting
30:59 Scale Barding Armor
31:48 Fletching
31:58 Elite Skirmisher
32:51 Bodkin Arrow
32:56 Padded Archer Armor
33:29 Fortified Wall
34:16 Masonry
34:56 Chain Barding Armor
37:31 Chemistry
38:36 Bracer
38:51 Leather Archer Armor
40:40 Scale Mail Armor
41:41 Blast Furnace
40:45 Elite Varangian Guard
41:26 Squires
41:46 Chain Mail Armor
42:41 Stone Mining
42:41 Gold Mining
43:10 Pikeman
45:34 Plate Mail Armor
45:37 Halberdier
47:00 Siege Engineers
47:47 Arson
55:18 Ring Archer Armor
Connection lost

Rejoining the realm…

Still unreachable

The connection could not be restored.

Session expired

The server has moved on; the page needs a fresh start.